 Dungeon Crawl Stone Soup version 0.30.1-11-g7821555f0a (webtiles) character file.

Game seed: 6906815023252542550

92 Unglued128 the Protected (level 4, -11/32 (34) HPs)
             Began as a Gnoll Wanderer on Nov 2, 2023.
             Mangled by Crazy Yiuf
             ... wielding a +3 quarterstaff of chaos
              (15 damage)
             ... on level 3 of the Dungeon.
             The game lasted 00:09:38 (1794 turns).

Unglued128 the Protected (Gnoll Wanderer)           Turns: 1794, Time: 00:09:38

HP:   -11/32 (34)   AC:  7    Str: 12    XL:     4   Next: 60%
MP:   11/11         EV: 10    Int: 14    God:
Gold: 99            SH:  0    Dex: 10    Spells: 12/13 levels left

rFire   + . .        a - +2 falchion
rCold   + . .        (no shield)
rNeg    . . .        b - +1 ring mail
rPois   +            (no helmet)
rElec   +            (no cloak)
rCorr   +            (no gloves)
SInv    .            (no boots)
Will    .....        (no amulet)
Stlth   +            (no ring)
HPRegen 0.25/turn    (no ring)
MPRegen 0.12/turn

%: no passive effects
@: resistant, drained
A: fangs 1, strong nose, distributed training
a: no special abilities


You were on level 3 of the Dungeon.
You visited 1 branch of the dungeon, and saw 3 of its levels.

You collected 99 gold pieces.

Inventory:

Hand Weapons
 a - a +2 falchion (weapon)
Armour
 b - a +1 ring mail (worn)
 m - a +2 cloak
Jewellery
 h - a ring of fire
Scrolls
 d - 4 scrolls of teleportation
 j - a scroll of enchant weapon {unknown}
 l - 2 scrolls of fog {unknown}
Potions
 c - a potion of attraction
 e - a potion of resistance {unknown}
 f - a potion of brilliance {unknown}
 g - 2 potions of curing {unknown}
 i - 2 potions of lignification {unknown}
 k - a potion of invisibility {unknown}


   Skills:
 + Level 2.8 Fighting
 + Level 1.2 Short Blades
 + Level 6.6 Long Blades
 + Level 1.2 Axes
 + Level 1.2 Maces & Flails
 + Level 1.2 Polearms
 + Level 1.2 Staves
 + Level 1.2 Ranged Weapons
 + Level 1.2 Throwing
 + Level 8.6 Armour
 + Level 1.2 Dodging
 + Level 1.2 Stealth
 + Level 1.2 Shields
 + Level 1.2 Unarmed Combat
 + Level 5.1 Spellcasting
 + Level 1.0 Conjurations
 + Level 1.0 Hexes
 + Level 1.0 Summonings
 + Level 1.0 Necromancy
 + Level 1.0 Translocations
 + Level 1.0 Transmutations
 + Level 1.0 Fire Magic
 + Level 1.0 Ice Magic
 + Level 1.0 Air Magic
 + Level 1.0 Earth Magic
 + Level 1.0 Poison Magic
 + Level 1.3 Invocations
 + Level 1.2 Evocations


You had 12 spell levels left.
You knew the following spells:

 Your Spells              Type           Power      Damage    Failure   Level
a - Foxfire               Conj/Fire      24%        2x1d5     22%         1

Your spell library contained the following spells:

 Spells                   Type           Power      Damage    Failure   Level
 Inner Flame              Hex/Fire       6%         N/A       54%         3
 Volatile Blastmotes      Fire/Tloc      12%        2d11      54%         3
 Flame Wave               Conj/Fire      6%         2d5       91%         4
 Sticky Flame             Conj/Fire      6%         2d3       91%         4


Dungeon Overview and Level Annotations

Branches:
Dungeon (3/15)

Altars:

Annotations:
D:3 Crazy Yiuf


Innate Abilities, Weirdness & Mutations

You have very sharp teeth.
Your uncanny sense of smell can sniff out nearby items.
Your experience applies equally to all skills.


Message History

You open the door. You closely miss Crazy Yiuf. Crazy Yiuf barely misses you.
You hit Crazy Yiuf.
Crazy Yiuf is lightly wounded.
Crazy Yiuf hits you with a +3 quarterstaff of chaos.
You feel protected.
You hit Crazy Yiuf.
Crazy Yiuf is moderately wounded.
Crazy Yiuf closely misses you.
You completely miss Crazy Yiuf.
Crazy Yiuf is moderately wounded.
Crazy Yiuf closely misses you.
You closely miss Crazy Yiuf. Your bite misses Crazy Yiuf.
Crazy Yiuf is moderately wounded.
Crazy Yiuf hits you with a +3 quarterstaff of chaos.
You slash Crazy Yiuf!
Crazy Yiuf is severely wounded.
Crazy Yiuf barely misses you.
You completely miss Crazy Yiuf.
Crazy Yiuf is severely wounded.
Crazy Yiuf hits you with a +3 quarterstaff of chaos!
You feel drained.
You closely miss Crazy Yiuf.
Crazy Yiuf is severely wounded.
Crazy Yiuf hits you with a +3 quarterstaff of chaos!
You closely miss Crazy Yiuf.
Crazy Yiuf is severely wounded.
Crazy Yiuf barely misses you.
You barely miss Crazy Yiuf.
Crazy Yiuf is severely wounded.
Crazy Yiuf hits you with a +3 quarterstaff of chaos!
* * * LOW HITPOINT WARNING * * *
You hit Crazy Yiuf.
Crazy Yiuf is almost dead.
Crazy Yiuf screams, "Tonal koolooloo Hive!"
Crazy Yiuf closely misses you.
You barely miss Crazy Yiuf.
Crazy Yiuf is almost dead.
Crazy Yiuf hits you with a +3 quarterstaff of chaos!
You die...

#........## #........#
.......# #.....#
#....# # #######...)#
#$ ###
###.#)...###.#...
#...##))#).....##.#...
#...g@####............
#)..### ##....#†.#...
### ######..#$.. #<.#
#. #)†# # #..# ...#
##.## #.#


You could see Crazy Yiuf.

Vanquished Creatures
  Terence (D:3)
  2 adders (D:2)
  3 dart slugs
  5 ball pythons
  4 endoplasms
  3 goblins (D:1)
  4 hobgoblins
  4 kobolds
  4 quokkas
  7 bats
  A frilled lizard (D:3)
  2 rats
40 creatures vanquished.

Vanquished Creatures (others)
  48 foxfires
48 creatures vanquished.

Grand Total: 88 creatures vanquished

Notes
Turn   | Place    | Note
-------+----------+-------------------------------------------
     0 | D:1      | Unglued128 the Gnoll Wanderer began the quest for the Orb.
     0 | D:1      | Unglued128 set off with the following items: a +2 falchion,
                  | a +0 ring mail, a potion of attraction; and the following
                  | spell memorised: Foxfire; and the following spells
                  | available to memorise: Volatile Blastmotes.
     0 | D:1      | Reached XP level 1. HP: 17/17 MP: 6/6
   268 | D:1      | Reached XP level 2. HP: 23/23 MP: 3/7
   522 | D:1      | Reached skill level 5 in Spellcasting
   522 | D:1      | Reached XP level 3. HP: 28/28 MP: 7/9
   775 | D:1      | Found a faded altar of an unknown god.
  1187 | D:2      | Reached skill level 1 in Invocations
  1353 | D:2      | Reached skill level 1 in Short Blades
  1353 | D:2      | Reached skill level 1 in Axes
  1353 | D:2      | Reached skill level 1 in Maces & Flails
  1353 | D:2      | Reached skill level 1 in Polearms
  1353 | D:2      | Reached skill level 1 in Staves
  1353 | D:2      | Reached skill level 1 in Ranged Weapons
  1353 | D:2      | Reached skill level 1 in Throwing
  1353 | D:2      | Reached skill level 1 in Dodging
  1353 | D:2      | Reached skill level 1 in Stealth
  1353 | D:2      | Reached skill level 1 in Shields
  1353 | D:2      | Reached skill level 1 in Unarmed Combat
  1353 | D:2      | Reached skill level 1 in Evocations
  1621 | D:2      | Reached XP level 4. HP: 24/34 MP: 11/11
  1697 | D:3      | Noticed Terence
  1712 | D:3      | Killed Terence
  1713 | D:3      | Reached skill level 1 in Conjurations
  1713 | D:3      | Reached skill level 1 in Hexes
  1713 | D:3      | Reached skill level 1 in Summonings
  1713 | D:3      | Reached skill level 1 in Necromancy
  1713 | D:3      | Reached skill level 1 in Translocations
  1713 | D:3      | Reached skill level 1 in Transmutations
  1713 | D:3      | Reached skill level 1 in Fire Magic
  1713 | D:3      | Reached skill level 1 in Ice Magic
  1713 | D:3      | Reached skill level 1 in Air Magic
  1713 | D:3      | Reached skill level 1 in Earth Magic
  1713 | D:3      | Reached skill level 1 in Poison Magic
  1778 | D:3      | Found a runed translucent door.
  1779 | D:3      | Noticed Crazy Yiuf
  1794 | D:3      | Mangled by Crazy Yiuf

Illustrated notes

Levels and vault maps discovered:
D:1:      heliophobic_arrival_glass_houses, layout_basic,
          hellmonk_ecumenical_altar_leap_of_faith, minmay_tetromino_o2
D:2:      layout_basic
D:3:      layout_loops_ring, mainiacjoe_overflow_cross_hatched,
          minmay_goblin_outpost, uniq_terence, uniq_sigmund, uniq_ijyb,
          uniq_crazy_yiuf_cottage

Skill      XL: |  1  2  3  4 |
---------------+-------------+-----
Spellcasting   | 5 |  5.1
Invocations    | 1 |  1.3
Short Blades   | 1 |  1.2
Axes           | 1 |  1.2
Maces & Flails | 1 |  1.2
Polearms       | 1 |  1.2
Staves         | 1 |  1.2
Ranged Weapons | 1 |  1.2
Throwing       | 1 |  1.2
Dodging        | 1 |  1.2
Stealth        | 1 |  1.2
Shields        | 1 |  1.2
Unarmed Combat | 1 |  1.2
Evocations     | 1 |  1.2
Conjurations   | 1 |  1.0
Hexes          | 1 |  1.0
Summonings     | 1 |  1.0
Necromancy     | 1 |  1.0
Translocations | 1 |  1.0
Transmutations | 1 |  1.0
Fire Magic     | 1 |  1.0
Ice Magic      | 1 |  1.0
Air Magic      | 1 |  1.0
Earth Magic    | 1 |  1.0
Poison Magic   | 1 |  1.0
Fighting       | |  2.8
Long Blades    | |  6.6
Armour         | |  8.6

Action                     |  1- 3 |  4- 6 || total
---------------------------+-------+-------++-------
  Melee: Falchion          |    67 |    22 ||    89
         Punch             |     1 |       ||     1
         Bite              |     1 |       ||     1
   Cast: Foxfire           |    23 |     6 ||    29
    Use: Scroll            |     5 |       ||     5
 Armour: Ring mail         |    22 |     4 ||    26
  Dodge: Dodged            |    46 |    16 ||    62
